 Dungeon Crawl Stone Soup version 0.32-a0-818-gb728d0252e (webtiles) character file.

Game seed: 13845466594690534131

257 greenreed the Shooter (level 6, 0/46 HPs)
             Began as a Coglin Hexslinger on Mar 23, 2024.
             Slain by an orc priest
             ... wielding a +0 whip
              (2 damage)
             ... on level 4 of the Dungeon.
             The game lasted 00:05:20 (2579 turns).

greenreed the Shooter (Coglin Hexslinger)           Turns: 2579, Time: 00:05:21

Health: 0/46       AC:  7    Str:  8    XL:     6   Next: 16%
Magic:  9/9        EV: 12    Int: 13    God:
Gold:   151        SH:  0    Dex: 18    Spells: 7/9 levels left

rFire   . . .        a - +1 sling {Shunnareh}
rCold   . . .        h - +0 sling {Khalidah}
rNeg    . . .        c - +0 robe
rPois   .            (no helmet)
rElec   .            d - +0 cloak
rCorr   .            r - +2 pair of gloves
SInv    .            j - +0 pair of boots
Will    .....        (amulet unavailable)
Stlth   +            (ring unavailable)
HPRegen 0.27/turn    (ring unavailable)
MPRegen 0.11/turn    (no gizmo)

%: no passive effects
@: confused, revving
A: off-hand wielding, slow wielding, warmup strikes, no jewellery
a: Invent Gizmo, Convert to Beogh


You were on level 4 of the Dungeon.
You visited 1 branch of the dungeon, and saw 4 of its levels.

You collected 151 gold pieces.

Inventory:

Hand Weapons
 a - a +1 sling (weapon) {Shunnareh}
 h - a +0 sling (offhand) {Khalidah}
Armour
 c - a +0 robe (worn)
 d - a +0 cloak (worn)
 j - a +0 pair of boots (worn)
 r - a +2 pair of gloves (worn)
Scrolls
 b - a scroll of poison
 e - 2 scrolls of identify {unknown}
 f - 2 scrolls of enchant weapon {unknown}
 i - 3 scrolls of fog {unknown}
 n - a scroll of immolation {unknown}
 p - a scroll of vulnerability {unknown}
 q - a scroll of blinking {unknown}
 s - a scroll of amnesia {unknown}
Potions
 g - a potion of brilliance {unknown}
 k - a potion of curing {unknown}
 l - a potion of invisibility {unknown}
 m - a potion of attraction {unknown}
 o - a potion of degeneration {unknown}


   Skills:
 + Level 2.4 Fighting
 * Level 3.5 Ranged Weapons
 + Level 2.8 Dodging
 + Level 2.0 Spellcasting
 + Level 3.5 Hexes
 - Level 1.0 Fire Magic


You had 7 spell levels left.
You knew the following spells:

 Your Spells              Type           Power      Damage    Failure   Level
a - Jinxbite              Hex            20%        N/A       9%          2

Your spell library contained the following spells:

 Spells                   Type           Power      Damage    Failure   Level
 Sigil of Binding         Hex            10%        N/A       19%         3
 Sandblast                Erth           2%         2d4       26%         1
 Inner Flame              Hex/Fire       7%         N/A       30%         3
 Blink                    Tloc           2%         N/A       36%         2
 Lesser Beckoning         Tloc           2%         N/A       36%         2
 Momentum Strike          Conj/Tloc      2%         3d8       36%         2
 Cause Fear               Hex            5%         N/A       52%         4
 Stone Arrow              Conj/Erth      2%         3d7       58%         3
 Dimensional Bullseye     Hex/Tloc       2%         N/A       77%         4
 Brom's Barrelling Bould  Conj/Erth      1%         2d3       94%         4
 Malign Gateway           Summ/Tloc      0%         N/A       100%        7
 Summon Horrible Things   Summ           0%         N/A       100%        8


Dungeon Overview and Level Annotations

Branches:
Dungeon (4/15)
 Temple: D:4-7

Altars:
Fedhas

Annotations:
D:3 2 transporters, Aldia's ghost, amateur MDRe


Innate Abilities, Weirdness & Mutations

You can wield a second weapon in your off-hand.
It takes a long time for you to wield or remove held weapons.
Your first few attacks do less damage.
You cannot equip rings or amulets.


Message History

The sling bullet closely misses the orc.
You shoot a sling bullet.
The orc priest shouts, "The Pantheon deserves no one's loyalty.
Let us show you the true path!" Something hits you.
You hear some strange, mumbled words.
You are confused.
Unknown command.
You bump into the rock wall.
Something hits you.
You bump into the rock wall.
Reactivating autopickup.
An orc wizard appears from thin air!
The orc priest calls upon Beogh to heal the orc wizard.
The orc wizard is healed somewhat.
The orc wizard casts a spell at you.
You are more confused.
The orc wizard attacks as it pursues you!
The orc wizard barely misses you.
You bump into the rock wall.
The orc wizard hits you with a +0 dagger.
* * * LOW HITPOINT WARNING * * *
The orc priest calls upon Beogh to heal the orc wizard.
The orc wizard is healed somewhat.
The orc wizard attacks as it pursues you!
The orc wizard barely misses you.
You bump into the rock wall.
The orc wizard hits you but does no damage.
Okay, then.
Unknown command.
You bump into the rock wall.
The orc wizard closely misses you.
You're too confused to move!
The orc priest invokes the aid of Beogh against you.
Beogh smites you!
* * * LOW HITPOINT WARNING * * *
You barely miss the orc wizard with your +1 sling.
The orc wizard is lightly wounded.
You clumsily bash the orc wizard but do no damage.
The orc wizard hits you with a +0 dagger.
* * * LOW HITPOINT WARNING * * *
The orc priest hits you with a +0 whip.
You die...

.. ... # #.## #.#
#.###..#####)######
...............)..#
.. #...#####.####.#
#. #..#####.# #.# #.
#........## #.#
#.####. #.........#
#.###
#......####@#...#.##
#...###
#......ooo#...#.#
###...#
#.##)######...#.#
#.... .)) #...###
#.### #.##. #...#
#[# # .) .. #####
#.# # .. #. ..# . ..
..# .# ...#


You could see an orc priest, an orc wizard and an orc.

Vanquished Creatures
  2 bombardier beetles
  A hound (D:3)
  An orc priest (D:4)
  An orc wizard (D:4)
  2 adders
  A white imp (D:4)
  2 dart slugs (D:3)
  A ribbon worm (D:3)
  5 orcs (D:4)
  5 ball pythons
  9 endoplasms
  8 goblins
  5 hobgoblins
  5 jackals
  4 kobolds
  3 quokkas
  4 bats
  5 frilled lizards
  12 rats
76 creatures vanquished.

Notes
Turn   | Place    | Note
-------+----------+-------------------------------------------
     0 | D:1      | greenreed the Coglin Hexslinger began the quest for the
                  | Orb.
     0 | D:1      | Reached XP level 1. HP: 15/15 MP: 2/2
    28 | D:1      | Reached skill level 1 in Fire Magic
    84 | D:1      | Reached XP level 2. HP: 21/21 MP: 3/3
   714 | D:1      | Reached XP level 3. HP: 26/26 MP: 4/4
  1133 | D:2      | Found a blossoming altar of Fedhas.
  1535 | D:3      | Reached XP level 4. HP: 25/33 MP: 6/6
  1674 | D:3      | Found a transporter.
  1676 | D:3      | Found a transporter.
  1677 | D:3      | Noticed Aldia's ghost (amateur MDRe)
  1677 | D:3      | Noticed an ogre
  1677 | D:3      | Noticed an ogre
  1678 | D:3      | Noticed an ogre
  1767 | D:3      | Reached XP level 5. HP: 38/38 MP: 7/7
  2397 | D:4      | Learned a level 2 spell: Jinxbite
  2516 | D:4      | Reached XP level 6. HP: 41/45 MP: 8/8
  2579 | D:4      | HP: 2/46 [orc wizard/+0 dagger (3)]
  2579 | D:4      | Slain by an orc priest

Illustrated notes

Levels and vault maps discovered:
D:1:      nzn_arrival_depleted_hourglass, layout_basic, minmay_misc_feat_doors
D:2:      layout_basic, basic_altar, serial_rivers,
          chequers_serial_rivers_marsh, chequers_serial_rivers_small_a,
          chequers_serial_rivers_micro_e, chequers_serial_rivers_small_3,
          hangedman_abyss_or_decor_lesser_grid, st_stairs_3,
          chequers_serial_rivers_small_a
D:3:      layout_basic, gammafunk_ghost_smash, roderic_nine_men_s_morris,
          minmay_misc_feat_plants
D:4:      layout_basic, ashenzari_altar_1, hangedman_decor_lopped,
          chequers_serial_rivers_room_a, chequers_garden,
          kennysheep_generic_room_2

Skill      XL: |  1  2  3  4  5  6 |
---------------+-------------------+-----
Fire Magic     | 1 |  1.0
Ranged Weapons | 2 3 |  3.5
Dodging        | 2 |  2.8
Hexes          | 3 |  3.5
Fighting       | 2 |  2.4
Spellcasting   | 2 |  2.0

Action                     |  1- 3 |  4- 6 || total
---------------------------+-------+-------++-------
  Melee: Sling             |       |     2 ||     2
   Fire: Sling             |   166 |   190 ||   356
 Armour: Robe              |    10 |    22 ||    32
  Dodge: Dodged            |    10 |    17 ||    27

Table legend: (Time is in decaauts)
 A = Elapsed time spent in this place.
 B = Non-inter-level travel time spent in this place.
 C = Inter-level travel time spent in this place.
 D = Time resting spent in this place.
 E = Time spent auto-exploring this place.
 F = Levels seen in this place.
 G = Mean time per level.
                   A        B        C        D        E       F      G
               +--------+--------+--------+--------+--------+-----+--------+
         Total |   2636 |   2552 |     84 |     42 |   2096 |   4 |  659.0 |
       Dungeon |   2636 |   2552 |     84 |     42 |   2096 |   4 |  659.0 |
               +--------+--------+--------+--------+--------+-----+--------+

Top non-repeatable levels by time:
     D:1: 869 daAuts
     D:3: 737 daAuts
     D:2: 683 daAuts
     D:4: 346 daAuts
